NCAA
TEXAS LONGHORNS @ BUTLER BULLDOGS
04/03/2026
 
TOP OF THE 1ST
Texas Longhorns batting - Pitching for Butler Bulldogs : RHP Nick Hood
Pitching: RHP Nick Hood
Batting: SHB Randy Anderson 0-0: Called Strike
0-1: Ground out 4-3 (Groundball, 4)
Batting: RHB Joe Maynard 0-0: Called Strike
0-1: Ball
1-1: Foul Ball, location: 2F
1-2: Foul Ball, location: 2F
1-2: Foul Ball, location: 2F
1-2: Ball
2-2: Ground out 5-3 (Groundball, 5S)
Batting: RHB Eugene Salazar 0-0: Called Strike
0-1: Called Strike
0-2: Ground out 5-3 (Groundball, 56)
Top of the 1st over - 0 run(s), 0 hit(s), 0 error(s), 0 left on base; Texas 0 - Butler 0
BOTTOM OF THE 1ST
Butler Bulldogs batting - Pitching for Texas Longhorns : RHP Thomas O'Connor
Pitching: RHP Thomas O'Connor
Batting: RHB Steve West 0-0: Foul Ball, location: 2F
0-1: Foul Ball, location: 2F
0-2: Strikes out swinging
Batting: LHB Carlos Gutiérrez 0-0: Ball
1-0: Ball
2-0: Ground out 4-3 (Groundball, 4)
Batting: RHB Chris Miles 0-0: Called Strike
0-1: Foul Ball, location: 2F
0-2: Strikes out swinging
Bottom of the 1st over - 0 run(s), 0 hit(s), 0 error(s), 0 left on base; Texas 0 - Butler 0
TOP OF THE 2ND
Texas Longhorns batting - Pitching for Butler Bulldogs : RHP Nick Hood
Batting: RHB Joe Rogers 0-0: Ball
1-0: Ball
2-0: Called Strike
2-1: Ball
3-1: Base on Balls
Batting: SHB Ángel González 0-0: Ball
1-0: Foul Ball, location: 2F
1-1: Ball
2-1: Ball
3-1: Foul Ball, location: 2F
3-2: Base on Balls
Joe Rogers to second
Batting: RHB Edmond Magee 0-0: Ball
1-0: Ball
2-0: Called Strike
2-1: Ball
3-1: Foul Ball, location: 2F
3-2: Foul Ball, location: 2F
3-2: Ground out 5-3 (Groundball, 5S)
Joe Rogers to third
Ángel González to second
Batting: LHB Arlen Powers 0-0: Ball
1-0: Ball
2-0: Ball
3-0: Base on Balls
Batting: RHB Roberto Hernández 0-0: Foul Ball, location: 2F
0-1: Foul Ball, location: 2F
0-2: Strikes out swinging
Batting: RHB Jerome Cuevas 0-0: Fly out, F5 (Popup, 25F)
Top of the 2nd over - 0 run(s), 0 hit(s), 0 error(s), 3 left on base; Texas 0 - Butler 0
BOTTOM OF THE 2ND
Butler Bulldogs batting - Pitching for Texas Longhorns : RHP Thomas O'Connor
Batting: RHB Rob Gilbert 0-0: Ball
1-0: Ball
2-0: Ball
3-0: Called Strike
3-1: Base on Balls
Batting: LHB Nick Hopper 0-0: Swinging Strike
0-1: Called Strike
0-2: Strikes out looking
Batting: RHB Jorge Calderón 0-0: Ball
1-0: Ball
2-0: Ball
3-0: Base on Balls
Rob Gilbert to second
Batting: LHB Ralph Jackson 0-0: Foul Ball, location: 2F
0-1: Foul Ball, location: 2F
0-2: Ball
1-2: Ball
2-2: Ball
3-2: Reached on error, E5 (Groundball, 56S)
Rob Gilbert to third
Jorge Calderón to second
Batting: RHB Elliott Horn 0-0: Reached on error, E4 (Groundball, 4M)
Rob Gilbert scores
Jorge Calderón scores
Ralph Jackson to third
Batting: RHB Marv Shepard 0-0: Ball
1-0: Foul Ball, location: 2F
1-1: Ball
2-1: Ball
Wild Pitch!
Ralph Jackson scores
Elliott Horn to third
3-1: Fly out, F9 (Flyball, 89M)
Batting: RHB Steve West 0-0: Foul Ball, location: 2F
0-1: Called Strike
0-2: Ball
1-2: Foul Ball, location: 2F
1-2: Ball
2-2: Foul Ball, location: 2F
2-2: Fly out, F8 (Flyball, 8LM)
Bottom of the 2nd over - 3 run(s), 0 hit(s), 2 error(s), 1 left on base; Texas 0 - Butler 3
TOP OF THE 3RD
Texas Longhorns batting - Pitching for Butler Bulldogs : RHP Nick Hood
Batting: SHB Randy Anderson 0-0: Called Strike
0-1: Ball
1-1: Ball
2-1: Ball
3-1: Base on Balls
Batting: RHB Joe Maynard 0-0: Ball
1-0: Called Strike
1-1: Ball
2-1: Ball
3-1: Base on Balls
Randy Anderson to second
Batting: RHB Eugene Salazar 0-0: Ball
1-0: Ball
2-0: Swinging Strike
2-1: Foul Ball, location: 2F
2-2: Foul Ball, location: 2F
2-2: Fly out, F5 (Popup, 25F)
Batting: RHB Joe Rogers 0-0: Ball
1-0: Called Strike
1-1: Ball
2-1: Foul Ball, location: 2F
2-2: Strikes out swinging
Batting: SHB Ángel González 0-0: Ball
1-0: Called Strike
1-1: 3-RUN HOME RUN (Flyball, 9LD), Distance : 357 ft
Batting: RHB Edmond Magee 0-0: Ball
1-0: Called Strike
1-1: Fly out, F3 (Popup, 3SF)
Top of the 3rd over - 3 run(s), 1 hit(s), 0 error(s), 0 left on base; Texas 3 - Butler 3
BOTTOM OF THE 3RD
Butler Bulldogs batting - Pitching for Texas Longhorns : RHP Thomas O'Connor
Batting: LHB Carlos Gutiérrez 0-0: Called Strike
0-1: Ball
1-1: Swinging Strike
1-2: Strikes out looking
Batting: RHB Chris Miles 0-0: Foul Ball, location: 2F
0-1: Fly out, F9 (Flyball, 89S)
Batting: RHB Rob Gilbert 0-0: Ball
1-0: Ground out 6-3 (Groundball, 6)
Bottom of the 3rd over - 0 run(s), 0 hit(s), 0 error(s), 0 left on base; Texas 3 - Butler 3
TOP OF THE 4TH
Texas Longhorns batting - Pitching for Butler Bulldogs : RHP Nick Hood
Batting: LHB Arlen Powers 0-0: Ground out U3 (Groundball, 3L)
Batting: RHB Roberto Hernández 0-0: SINGLE (Line Drive, 56)
Batting: RHB Jerome Cuevas 0-0: 2-RUN HOME RUN (Flyball, 7LD), Distance : 343 ft
Batting: SHB Randy Anderson 0-0: Ground out 5-3 (Groundball, 5S)
Batting: RHB Joe Maynard 0-0: Ball
1-0: Ball
2-0: Ball
3-0: Base on Balls
Batting: RHB Eugene Salazar 0-0: Ball
1-0: 2-RUN HOME RUN (Flyball, 7D), Distance : 389 ft
Pitching: RHP Mike Moore
Batting: RHB Joe Rogers 0-0: Ball
1-0: Ball
2-0: Ball
3-0: Base on Balls
Batting: SHB Ángel González 0-0: Swinging Strike
0-1: Ball
1-1: Ball
2-1: Ball
3-1: Called Strike
3-2: Base on Balls
Joe Rogers to second
Batting: RHB Edmond Magee 0-0: Foul Ball, location: 2F
0-1: Ball
1-1: Foul Ball, location: 2F
1-2: Foul Ball, location: 2F
1-2: Foul Ball, location: 2F
1-2: Strikes out swinging
Top of the 4th over - 4 run(s), 3 hit(s), 0 error(s), 2 left on base; Texas 7 - Butler 3
BOTTOM OF THE 4TH
Butler Bulldogs batting - Pitching for Texas Longhorns : RHP Thomas O'Connor
Batting: LHB Nick Hopper 0-0: Ball
1-0: Ball
2-0: Ball
3-0: Called Strike
3-1: Called Strike
3-2: Base on Balls
Batting: RHB Jorge Calderón 0-0: Ball
1-0: Ball
2-0: Ball
3-0: Called Strike
3-1: Called Strike
3-2: Strikes out looking
Batting: LHB Ralph Jackson 0-0: Ball
1-0: Ball
2-0: Ball
3-0: Called Strike
3-1: Called Strike
3-2: Foul Ball, location: 2F
3-2: 2-RUN HOME RUN (Flyball, 9LD), Distance : 367 ft
Batting: RHB Elliott Horn 0-0: Ground out 6-3 (Groundball, 6M)
Batting: RHB Marv Shepard 0-0: Ball
1-0: Fly out, F9 (Flyball, 9S)
Bottom of the 4th over - 2 run(s), 1 hit(s), 0 error(s), 0 left on base; Texas 7 - Butler 5
TOP OF THE 5TH
Texas Longhorns batting - Pitching for Butler Bulldogs : RHP Mike Moore
Batting: LHB Arlen Powers 0-0: Ball
1-0: Called Strike
1-1: SINGLE (Flyball, 8RM)
Batting: RHB Roberto Hernández 0-0: Ball
1-0: Ball
2-0: Foul Ball, location: 2F
2-1: Called Strike
2-2: Fly out, F7 (Flyball, 7M)
Batting: RHB Jerome Cuevas 0-0: Ball
1-0: Ball
2-0: Ball
3-0: Called Strike
3-1: Base on Balls
Arlen Powers to second
Batting: SHB Randy Anderson 0-0: Called Strike
0-1: Ball
1-1: Ball
2-1: Foul Ball, location: 2F
2-2: Strikes out swinging
Batting: RHB Joe Maynard 0-0: Ball
1-0: Foul Ball, location: 2F
1-1: Foul Ball, location: 2F
1-2: Foul Ball, location: 2F
1-2: Foul Ball, location: 2F
1-2: Foul Ball, location: 2F
1-2: Strikes out swinging
Top of the 5th over - 0 run(s), 1 hit(s), 0 error(s), 2 left on base; Texas 7 - Butler 5
BOTTOM OF THE 5TH
Butler Bulldogs batting - Pitching for Texas Longhorns : RHP Thomas O'Connor
Batting: RHB Steve West 0-0: Ball
1-0: Foul Ball, location: 2F
1-1: Ball
2-1: Swinging Strike
2-2: Strikes out swinging
Batting: LHB Carlos Gutiérrez 0-0: Ball
1-0: Called Strike
1-1: Ball
2-1: Swinging Strike
2-2: Ball
3-2: Hit by Pitch
Pitching: RHP Keith Martínez
Batting: RHB Chris Miles 0-0: Called Strike
0-1: Ball
1-1: Called Strike
1-2: Strikes out looking
Batting: RHB Rob Gilbert 0-0: Called Strike
0-1: Foul Ball, location: 2F
0-2: Foul Ball, location: 2F
0-2: Ball
1-2: Foul Ball, location: 2F
1-2: Strikes out swinging
Bottom of the 5th over - 0 run(s), 0 hit(s), 0 error(s), 1 left on base; Texas 7 - Butler 5
TOP OF THE 6TH
Texas Longhorns batting - Pitching for Butler Bulldogs : RHP Mike Moore
Pitching: LHP Dave Rose
Batting: RHB Eugene Salazar 0-0: Ball
1-0: Swinging Strike
1-1: Ball
2-1: Ball
3-1: Base on Balls
Batting: RHB Joe Rogers 0-0: Grounds into double play, 4-6-3 (Groundball, 4)
Batting: SHB Ángel González 0-0: Ball
1-0: Ball
2-0: Swinging Strike
2-1: Called Strike
2-2: Strikes out looking
Top of the 6th over - 0 run(s), 0 hit(s), 0 error(s), 0 left on base; Texas 7 - Butler 5
BOTTOM OF THE 6TH
Butler Bulldogs batting - Pitching for Texas Longhorns : RHP Keith Martínez
Batting: LHB Nick Hopper 0-0: Called Strike
0-1: Foul Ball, location: 2F
0-2: SOLO HOME RUN (Flyball, 9D), Distance : 389 ft
Batting: RHB Jorge Calderón 0-0: Called Strike
0-1: Ground out U3 (Groundball, 3S)
Batting: LHB Ralph Jackson 0-0: Swinging Strike
0-1: Ball
1-1: Ball
2-1: Foul Ball, location: 2F
2-2: Ground out 3-1 (Groundball, 3L)
Batting: RHB Elliott Horn 0-0: Ball
1-0: Ball
2-0: Foul Ball, location: 2F
2-1: Ball
3-1: Base on Balls
Batting: RHB Marv Shepard 0-0: Ball
1-0: Ball
2-0: Called Strike
2-1: Ball
3-1: Foul Ball, location: 2F
3-2: Foul Ball, location: 2F
3-2: Base on Balls
Elliott Horn to second
Batting: RHB Steve West 0-0: Called Strike
0-1: Ball
1-1: Ball
2-1: Foul Ball, location: 2F
2-2: Fielders Choice at 2nd, U4 (Groundball, 4M)
Bottom of the 6th over - 1 run(s), 1 hit(s), 0 error(s), 2 left on base; Texas 7 - Butler 6
TOP OF THE 7TH
Texas Longhorns batting - Pitching for Butler Bulldogs : LHP Dave Rose
Batting: RHB Edmond Magee 0-0: DOUBLE (Groundball, 5L)
Batting: LHB Arlen Powers 0-0: Foul Ball, location: 2F
0-1: Ball
1-1: Ball
2-1: Ball
3-1: Foul Ball, location: 2F
3-2: Foul Ball, location: 2F
3-2: Base on Balls
Batting: RHB Roberto Hernández 0-0: Sac Bunt - play at first, batter OUT! 5-4
Edmond Magee to third
Arlen Powers to second
Batting: RHB Jerome Cuevas 0-0: SINGLE (Groundball, 4MD)
Edmond Magee scores
Arlen Powers to third
Batting: SHB Randy Anderson 0-0: Ball
1-0: Called Strike
1-1: Fly out, F8 (Flyball, 8LXD)
Runner from 3rd tags up, SCORES, no throw
Batting: RHB Joe Maynard 0-0: Called Strike
0-1: Called Strike
0-2: Ball
1-2: Strikes out looking
Top of the 7th over - 2 run(s), 2 hit(s), 0 error(s), 1 left on base; Texas 9 - Butler 6
BOTTOM OF THE 7TH
Butler Bulldogs batting - Pitching for Texas Longhorns : RHP Keith Martínez
Batting: LHB Carlos Gutiérrez 0-0: Called Strike
0-1: Ball
1-1: Fly out, F8 (Line Drive, 8RM)
Pitching: RHP Jack Muttart
Batting: RHB Chris Miles 0-0: Ball
1-0: Ball
2-0: Ground out 1-3 (Groundball, 23)
Batting: RHB Rob Gilbert 0-0: Called Strike
0-1: Swinging Strike
0-2: Strikes out looking
Bottom of the 7th over - 0 run(s), 0 hit(s), 0 error(s), 0 left on base; Texas 9 - Butler 6
TOP OF THE 8TH
Texas Longhorns batting - Pitching for Butler Bulldogs : LHP Dave Rose
Pitching: RHP Clarence Wood
Batting: RHB Eugene Salazar 0-0: Called Strike
0-1: Foul Ball, location: 2F
0-2: Ball
1-2: SINGLE (Flyball, 7LM)
Batting: RHB Joe Rogers 0-0: Called Strike
0-1: Ball
1-1: Ball
2-1: Called Strike
2-2: Ball
3-2: Strikes out swinging
Batting: SHB Ángel González 0-0: Ball
1-0: Ball
2-0: Foul Ball, location: 2F
2-1: Grounds into double play, U3-6 (Groundball, 3L)
Top of the 8th over - 0 run(s), 1 hit(s), 0 error(s), 0 left on base; Texas 9 - Butler 6
BOTTOM OF THE 8TH
Butler Bulldogs batting - Pitching for Texas Longhorns : RHP Jack Muttart
Now at C: José Wills
Now at 3B: Dave Tucker
Batting: LHB Nick Hopper 0-0: Called Strike
0-1: Ball
1-1: Ball
2-1: Called Strike
2-2: Foul Ball, location: 2F
2-2: Strikes out looking
Batting: RHB Jorge Calderón 0-0: Ball
1-0: Ball
2-0: Called Strike
2-1: Ball
3-1: Called Strike
3-2: Fly out, F9 (Flyball, 9LM)
Batting: LHB Ralph Jackson 0-0: Ball
1-0: Foul Ball, location: 2F
1-1: Ball
2-1: Foul Ball, location: 2F
2-2: SINGLE (Groundball, 34D) (infield hit)
Pitching: RHP Shane Thompson
Batting: RHB Elliott Horn 0-0: Ball
1-0: Ball
2-0: Called Strike
2-1: Called Strike
2-2: Foul Ball, location: 2F
2-2: Fly out, F3 (Popup, 3L)
Bottom of the 8th over - 0 run(s), 1 hit(s), 0 error(s), 1 left on base; Texas 9 - Butler 6
TOP OF THE 9TH
Texas Longhorns batting - Pitching for Butler Bulldogs : RHP Clarence Wood
Batting: RHB Edmond Magee 0-0: Ball
1-0: Fly out, F6 (Line Drive, 6)
Batting: LHB Arlen Powers 0-0: SOLO HOME RUN (Flyball, 89XD), Distance : 426 ft
Batting: RHB Roberto Hernández 0-0: Called Strike
0-1: Swinging Strike
0-2: Ball
1-2: Ball
2-2: Foul Ball, location: 2F
2-2: Ball
3-2: Ground out 1-3 (Groundball, 15S)
Batting: RHB Jerome Cuevas 0-0: Called Strike
0-1: Ground out 6-3 (Groundball, 6)
Top of the 9th over - 1 run(s), 1 hit(s), 0 error(s), 0 left on base; Texas 10 - Butler 6
BOTTOM OF THE 9TH
Butler Bulldogs batting - Pitching for Texas Longhorns : RHP Shane Thompson
Batting: RHB Marv Shepard 0-0: Swinging Strike
0-1: Fly out, F7 (Flyball, 7S)
Batting: RHB Steve West 0-0: Called Strike
0-1: Ball
1-1: Ball
2-1: Foul Ball, location: 2F
2-2: Ball
3-2: Foul Ball, location: 2F
3-2: Strikes out swinging
Batting: LHB Carlos Gutiérrez 0-0: Ball
1-0: SINGLE (Flyball, 8RM)
Batting: RHB Chris Miles 0-0: Called Strike
0-1: Ball
1-1: Called Strike
1-2: Strikes out swinging
Bottom of the 9th over - 0 run(s), 1 hit(s), 0 error(s), 1 left on base; Texas 10 - Butler 6
Monday, December 5th, 2016 - OOTP Baseball 17.12 Build 75